Unix NetHack Version 3.7.0-101 Work-in-progress - last build Mar 4 2024 02:26:32 (3c4ac04b664b9ee0831c739617f054b5b60dbfd1,branch:master). Game began 2024-03-17 13:09:08, ended 2024-03-17 13:18:52. elenmirie, neutral female gnomish Archeologist -- --- ----- --- -. --- ---- --.-- |...-- ---.--- ......--- --..--- |.>.| |....--- -- ---..[..---- .....--.....--- -----..-- ---^.....--.--|..........| -............|--.--|...--- |............||..*.......| -...........||.<.|--....-- |.....*.....- ---..)---.-| --...........--...|--.....| ---- |..---......| --..| |..| |.................--.....-- --..| --- ---# #.....-- |.-| --.--- --...................---.| --...----.-- ##-*..| ---..| |...--- --.........--...[...--..| |..........----#-#####.--- |...[------...-----------......---..........| -*..............k.....-- |......|.---........*..*...........-........| --...........-#######-.#--##-.........|--------------......----......|.-- |..--.......| 0*#.....(...|......-- --.--.-- |.....---- |-^---...f.-# -....###---.....-- ------ --....| ---...--.....--- -......# #--......| |....| --........:.....----.......| |....|...| --....| |.........................## #.-----.-- |..---- --.--.|.-------.-----.--.-# --- -- |..| -- ----- -- -- --- ---- Elenmirie the Field Worker St:16 Dx:11 Co:9 In:16 Wi:14 Ch:8 Neutral Dlvl:3 $:48 HP:0(19) Pw:14(14) AC:7 Xp:3/53 T:1488 Burdened Latest messages: What do you want to rub? [g or ?*] g What do you want to rub on the stone? [$O or ?*] O O - 2 worthless pieces of red glass. What do you want to drop? [$a-dgil-oqstv-yC-HJ-LNO or ?*] O You drop 2 worthless pieces of red glass. Coco picks up a worthless piece of red glass. You hear crashing rock. Coco drops a worthless piece of red glass. You hear crashing rock. You swap places with Coco. You hear crashing rock. You see here a worthless piece of red glass. You see here a worthless piece of red glass. Coco misses it. Coco misses it. Coco misses it. Coco misses it. Coco bites it. It swings its pick-axe at Coco. It hits Coco. You see here a green gem. You have a little trouble lifting P - a green gem. What do you want to rub? [g or ?*] g What do you want to rub on the stone? [$P or ?*] P P - a worthless piece of green glass. What do you want to drop? [$a-dgil-oqstv-yC-HJ-LNP or ?*] P You drop a worthless piece of green glass. You see here 10 darts. You suddenly yearn for your distant homeland. There is a magic trap here. You see here 10 darts. A tower of flame erupts from the floor! Your boots smoulder! You have a little trouble lifting Q - 10 darts. You see here a gray stone. In what direction? k You kick a gray stone. You see here a gray stone. You have a little trouble lifting R - a gray stone. What do you want to rub? [gR or ?*] g What do you want to rub on the stone? [$R or ?*] R R - a flint stone. The kobold lord zaps a zinc wand! The wand hits you! You die... Do you want your possessions identified? [ynq] (y) y Do you want to see your attributes? [ynq] (y) y Do you want an account of creatures vanquished? [ynaq] (y) y Do you want to see your conduct and achievements? [ynq] (y) y Do you want to see the dungeon overview? [ynq] (y) y Inventory: Coins $ - 48 gold pieces Weapons m - 44 blessed +0 darts o - 45 uncursed +0 darts Q - 10 cursed +0 darts L - 2 cursed -4 darts E - an uncursed poisoned +0 dart N - an uncursed +0 dagger C - 2 uncursed +0 orcish daggers a - an uncursed +2 bullwhip (weapon in left hand) Armor c - an uncursed +0 fedora (being worn) v - an uncursed +0 pair of gauntlets of dexterity (being worn) y - an uncursed burnt +0 pair of water walking boots (being worn) x - an uncursed +0 cloak of invisibility (being worn) b - an uncursed +0 leather jacket (being worn) Comestibles d - 7 uncursed food rations Scrolls H - an uncursed scroll of light Potions G - an uncursed potion of healing K - an uncursed potion of restore ability Rings i - an uncursed ring of fire resistance l - an uncursed ring of levitation D - a cursed ring of warning Wands q - an uncursed wand of undead turning (0:6) Tools w - an uncursed sack containing 5 items F - a cursed magic whistle n - a cursed stethoscope t - an uncursed tinning kit (0:52) Gems/Stones J - an uncursed jacinth stone s - an uncursed jet stone R - an uncursed flint stone g - an uncursed touchstone Contents of the sack: a blessed scroll of blank paper an uncursed scroll of identify an uncursed potion of healing a blessed potion of object detection an uncursed +0 pick-axe Elenmirie the Archeologist's attributes: Background: You were a Field Worker, a level 3 female gnomish Archeologist. You were neutral, nominally on a mission for Camaxtli who was opposed by Quetzalcoatl (lawful) and Huhetotl (chaotic). You were left-handed. You were in the Gnomish Mines, on level 3. You entered the dungeon 1488 turns ago. You had 53 experience points, 27 more were needed to attain level 4. Basics: You had 0 out of 19 hit points. You had all 14 energy points (spell power). Your armor class was 7. Your wallet contained 48 zorkmids. Autopickup was on for '$' plus thrown. Final Characteristics: Your strength was 16 (limit:18/50). Your dexterity was 11 (limit:18). Your constitution was 9 (limit:18). Your intelligence was 16 (limit:19). Your wisdom was 14 (limit:18). Your charisma was 8 (limit:18). Final Status: You weren't hungry. You were burdened; movement was slightly slowed. You were wielding a whip. You had basic skill with whip. Final Attributes: You were devoutly aligned. You had automatic searching. You had infravision. You were invisible. You could walk on water. You were warded. You are dead. Miscellaneous: You never encountered a bones level. Total elapsed playing time was 9 minutes and 42 seconds. Major events: Turn 1: elenmirie the neutral female gnomish Archeologist entered the dungeon 1176: entered the Gnomish Mines 1317: attained the rank of Field Worker (level 3) 1488: killed by a wand Vanquished creatures: a dwarf a coyote 2 giant rats a yellow mold a gnome 2 jackals a fox a kobold 2 goblins a sewer rat 5 grid bugs 7 lichens a kobold zombie 3 newts 29 creatures vanquished. No species were genocided or became extinct. Voluntary challenges: You were vegetarian. You were an atheist. You were illiterate. You never engraved Elbereth. You never genocided any monsters. You never polymorphed an object. You never changed form. You used no wishes. Achievements: You entered a shop. You entered the Gnomish Mines. You attained the rank of Field Worker. The Dungeons of Doom: levels 1 to 2 Level 1: A fountain, a grave. Level 2: A fountain, a sink. Stairs down to The Gnomish Mines. The Gnomish Mines: Level 3: <- You were here. Final resting place for you, killed by a wand. Game over: ---------- / \ / REST \ / IN \ / PEACE \ / \ | elenmirie | | 48 Au | | killed by a wand | | | | | | | | 2024 | *| * * * | * _________)/\\_//(\/(/\)/\//\/|_)_______ Goodbye elenmirie the Archeologist... You died in The Gnomish Mines on dungeon level 3 with 356 points, and 48 pieces of gold, after 1488 moves. You were level 3 with a maximum of 19 hit points when you died.